 Dungeon Crawl Stone Soup version 0.19.0-1-g5985abe (webtiles) character file.

321 Franakus the Firebug (level 6, -15/36 HPs)
             Began as an Octopode Fire Elementalist on Nov 2, 2016.
             Demolished by an ogre
             ... wielding a +0 giant club
              (19 damage)
             ... on level 4 of the Dungeon.
             The game lasted 00:24:27 (2897 turns).

Franakus the Firebug (Octopode Fire Elementalist)   Turns: 2897, Time: 00:24:27

Health: -15/36     AC:  1    Str:  8    XL:     6   Next: 46%
Magic:  0/11       EV: 13    Int: 19    God:
Gold:   135        SH:  0    Dex: 12    Spells: 3 memorised, 6 levels left

rFire  . . .     SeeInvis .     s - +2 whip (freeze)
rCold  . . .     Gourm    .     (no shield)
rNeg   . . .     Faith    .     (helmet restricted)
rPois  .         Spirit   +     l - amulet of guardian spirit
rElec  .         Reflect  .     (no ring)
rCorr  .         Harm     .     (no ring)
MR     .....                    (no ring)
Stlth  +++.......               (no ring)
                                (no ring)
                                (no ring)
                                (no ring)
                                (no ring)

@: very slightly contaminated
A: almost no armour, stealthy swim, amphibious, 8 rings, constrict 8, camouflage
1, gelatinous body 1
a: no special abilities


You were on level 4 of the Dungeon.
You were not hungry.

You visited 1 branch of the dungeon, and saw 4 of its levels.

You collected 135 gold pieces.

Inventory:

Hand Weapons
 q - a +2 quarterstaff of chaos
 s - a +2 whip of freezing (weapon)
Jewellery
 l - an amulet of guardian spirit (around mantle)
Wands
 n - a wand of paralysis (9/24)
Scrolls
 d - 2 scrolls of remove curse
 f - 6 scrolls of identify
 j - 2 scrolls of blinking {unknown}
 k - a scroll of noise {unknown}
 m - a scroll of fear {unknown}
 p - a scroll of recharging {unknown}
 u - a scroll of fog {unknown}
 v - a scroll of enchant weapon {unknown}
 w - a scroll of teleportation {unknown}
Potions
 c - a potion of agility {unknown}
 e - 2 potions of curing {unknown}
 g - a potion of cancellation {unknown}
 h - a potion of haste {unknown}
 i - a potion of cure mutation {unknown}
 o - a potion of invisibility {unknown}
 r - 3 potions of lignification {unknown}
 t - a potion of degeneration {unknown}
 x - a potion of heal wounds {unknown}
Books
 a - a book of Flames

   Spells                             Type                      Level
   a - Flame Tongue                   Conjuration/Fire             1
   b - Throw Flame                    Conjuration/Fire             2
   c - Conjure Flame                  Conjuration/Fire             3
   d - Inner Flame                    Hexes/Fire                   3
   e - Sticky Flame                   Conjuration/Fire             4
   f - Fireball                       Conjuration/Fire             5
Comestibles
 b - 5 bread rations


   Skills:
 + Level 0.2 Fighting
 + Level 2.3 Dodging
 + Level 3.6 Stealth
 + Level 3.8 Spellcasting
 + Level 3.1 Conjurations
 + Level 4.5 Fire Magic


You had 6 spell levels left.
You knew the following spells:

 Your Spells              Type           Power        Failure   Level  Hunger
a - Flame Tongue          Conj/Fire      ###..        3%          1    None
b - Throw Flame           Conj/Fire      ###...       6%          2    ##.....
c - Conjure Flame         Conj/Fire      ###.....     12%         3    ###....


Dungeon Overview and Level Annotations

Branches:
Dungeon (4/15)
 Temple: D:4-7

Altars:
Ashenzari
Okawaru

Annotations:
D:3 elgenn's ghost, amateur MiBe


Innate Abilities, Weirdness & Mutations

You cannot wear most types of armour.
You are very stealthy in the water. (Stealth+)
You are amphibious.
You can wear up to eight rings at the same time.
You can use your tentacles to constrict eight enemies at once.
Your skin changes colour to match your surroundings (Stealth+).
Your rubbery body absorbs attacks. (AC +1, EV +1)


Message History

The ogre is heavily wounded.
The ogre hits you with a giant club.
Casting: Flame Tongue
Confirm with . or Enter, or press ? or * to list all spells.
Aiming: Flame Tongue
Press: ? - help, Shift-Dir - straight line, f/p - ogre
Aim: an ogre, wielding a giant club (heavily wounded)
The flame tongue hits the ogre.
The ogre is severely wounded.
The ogre hits you with a giant club!!
Ouch! That really hurt!
* * * LOW HITPOINT WARNING * * *
Evoke which item? (* to show all) (? for menu, Esc to quit)
Zapping:
n - a wand of paralysis (10/24)
Press: ? - help, Shift-Dir - straight line, f/p - ogre
Aim: an ogre, wielding a giant club (severely wounded, chance to defeat MR: 46%)
The ogre resists with some effort.
This wand has 9 charges left.
The ogre hits you with a giant club!!
Ouch! That really hurt!
You die...

##.......#########.#########
#.
#..#####....................
#. #.##
####..........######. oO #.#
#.............( ## ###.#
#..........#.... .#..#
#..........#.Z... .#.###
#..........# #### .....#
.###..........#. ..##..#
......O@........ ..# #..#
#....########... ..#
#.......## ####..#. ..#
...%..... #....# .. ...
####..(.###....###.### ...
.#.#....#.......... . ...###
................... .# ..
..# .......(.........###.#
..
..##...#.####............###


You could see an ogre.

Vanquished Creatures
  An orc priest (D:3)
  An orc wizard (D:3)
  Crazy Yiuf (D:2)
  A bullfrog skeleton (D:4)
  An iguana (D:4)
  4 worker ants (D:4)
  2 adders
  An ooze (D:1)
  A worm (D:3)
  A dart slug (D:1)
  3 leopard geckos
  8 orcs
  2 giant cockroaches
  6 goblins
  2 hobgoblins (D:1)
  7 jackals
  5 kobolds (D:1)
  A quokka (D:4)
  4 bats
  2 frilled lizards
  3 rats
57 creatures vanquished.

Notes
Turn   | Place    | Note
-------+----------+-------------------------------------------
     0 | D:1      | Franakus the Octopode Fire Elementalist began the quest for the Orb.
     0 | D:1      | Reached XP level 1. HP: 11/11 MP: 3/3
   386 | D:1      | Reached XP level 2. HP: 17/17 MP: 1/5
   715 | D:1      | Reached XP level 3. HP: 21/21 MP: 4/6
   719 | D:1      | Learned a level 2 spell: Throw Flame
   723 | D:1      | Learned a level 3 spell: Conjure Flame
  1077 | D:2      | Found an iron altar of Okawaru.
  1196 | D:2      | Found a faded altar of an unknown god.
  1196 | D:2      | Found a faded altar of an unknown god.
  1203 | D:2      | Found a shattered altar of Ashenzari.
  1205 | D:2      | Found a faded altar of an unknown god.
  1206 | D:2      | Found a faded altar of an unknown god.
  1357 | D:2      | Found a runed door.
  1361 | D:2      | Noticed Crazy Yiuf
  1388 | D:2      | Killed Crazy Yiuf
  1388 | D:2      | Reached skill level 4 in Fire Magic
  1388 | D:2      | Reached XP level 4. HP: 27/27 MP: 0/8
  1552 | D:3      | Noticed elgenn's ghost (amateur MiBe)
  1978 | D:3      | Reached XP level 5. HP: 29/31 MP: 9/9
  2188 | D:4      | Noticed an ogre
  2423 | D:4      | Reached XP level 6. HP: 35/36 MP: 5/11
  2897 | D:4      | Demolished by an ogre

Skill      XL: |  1  2  3  4  5  6 |
---------------+-------------------+-----
Stealth        | 3 |  3.6
Fire Magic     | 4 |  4.5
Spellcasting   | 3 |  3.8
Conjurations   | 2 3 |  3.1
Fighting       | |  0.2
Dodging        | |  2.3

Action                   |  1- 3 |  4- 6 || total
-------------------------+-------+-------++-------
Melee: Unarmed           |     7 |       ||     7
       Tentacles         |     4 |     9 ||    13
       Constrict         |     2 |    10 ||    12
       Whip              |     2 |    49 ||    51
 Cast: Flame Tongue      |    34 |    36 ||    70
       Throw Flame       |     3 |     9 ||    12
       Conjure Flame     |       |     1 ||     1
Evoke: Wand              |       |     1 ||     1
  Use: Scroll            |     1 |     1 ||     2
 Stab: Sleeping          |       |     2 ||     2
  Eat: Chunk             |     2 |     5 ||     7
Armor: Skin              |       |     5 ||     5
Dodge: Dodged            |     9 |    37 ||    46
